 Seeded DCSS version 0.29.1-15-g9cfb28693d (webtiles) character file.

Game seed: 6223448943922705978 (custom seed)

47 Psyclone the Conjurer (level 3, 19/19 HPs)
             Began as a Deep Elf Conjurer on Oct 4, 2023.
             Quit the game on level 1 of the Dungeon.
             The game lasted 00:01:51 (931 turns).

Psyclone the Conjurer (Deep Elf Conjurer)            Turns: 931, Time: 00:01:52

Health: 19/19      AC:  3    Str:  4    XL:     3   Next: 48%
Magic:  10/10      EV: 12    Int: 24    God:
Gold:   59         SH:  0    Dex: 13    Spells: 8/9 levels left

rFire   . . .      SeeInvis .   (no weapon)
rCold   . . .      Faith    .   (no shield)
rNeg    . . .      Spirit   .   a - +1 robe
rPois   .          Reflect  .   (no helmet)
rElec   .          Harm     .   (no cloak)
rCorr   .          Rampage  .   (no gloves)
Will    .....                   (no boots)
Stlth   ++........              (no amulet)
HPRegen 0.06/turn               (no ring)
MPRegen 0.12/turn               (no ring)

@: no status effects
A: no striking features
a: no special abilities


You were on level 1 of the Dungeon.
You visited 1 branch of the dungeon, and saw 1 of its levels.

You collected 59 gold pieces.

Inventory:

Armour
 a - a +1 robe (worn)
Jewellery
 c - an amulet of guardian spirit
Potions
 b - a potion of magic
 d - 2 potions of heal wounds


   Skills:
 - Level 2.4 Dodging
 - Level 2.4 Stealth
 + Level 3.9 Spellcasting
 * Level 5.4 Conjurations


You had 8 spell levels left.
You knew the following spells:

 Your Spells              Type           Power      Damage    Failure   Level
a - Magic Dart            Conj           100%       1d8       1%          1

Your spell library contained the following spells:

 Spells                   Type           Power      Damage    Failure   Level
 Searing Ray              Conj           60%        2d6       1%          2
 Sandblast                Erth           8%         2d5       10%         1
 Dazzling Flash           Conj/Hex       34%        N/A       10%         3
 Stone Arrow              Conj/Erth      34%        3d9       10%         3
 Passwall                 Tmut/Erth      3%         N/A       16%         2
 Fulminant Prism          Conj/Hex       8%         3d7       32%         4
 Iskenderun's Mystic Bla  Conj/Tloc      17%        2d5       32%         4


Dungeon Overview and Level Annotations

Branches:
Dungeon (1/15) Zot: 5069

Altars:

Shops:
D:1 =


Message History

Casting: Magic Dart (safe; 1% risk of failure)
Confirm with . or Enter, or press ? or * to list all spells.
Aiming: Magic Dart (safe; 1% risk of failure)
Press: ? - help, Shift-Dir - straight line, f - rat
Aim: a rat (wandering, hasn't noticed you, 100% to hit)
The magic dart hits the rat.
The rat is moderately wounded.
You now have 6/10 mp.
Casting: Magic Dart (safe; 1% risk of failure)
Confirm with . or Enter, or press ? or * to list all spells.
Aiming: Magic Dart (safe; 1% risk of failure)
Press: ? - help, Shift-Dir - straight line, f/p - rat
Aim: a rat (moderately wounded, 100% to hit)
The magic dart hits the rat.
You kill the rat!
You now have 5/10 mp.
c - an amulet of guardian spirit
Things that are here:
a +0 whip; a gnoll corpse MP restored: 10 You see here a rat corpse.
A bat comes into view.
Casting: Magic Dart (safe; 1% risk of failure)
Confirm with . or Enter, or press ? or * to list all spells.
Aiming: Magic Dart (safe; 1% risk of failure)
Press: ? - help, Shift-Dir - straight line, f - bat
Aim: a bat (asleep, 100% to hit)
The magic dart hits the bat!
You kill the bat!
You now have 9/10 mp.
You see here 5 atropa-tipped darts.
There is a stone staircase leading down here.
Things that are here:
a +0 whip; a gnoll corpse Done exploring.
MP restored: 10 You aren't carrying any scrolls.
Okay, then.
It was a potion of heal wounds.
You feel much better.
Are you sure you want to abandon this character and quit the game? (Confirm with "yes".)

#########
#.......#
#.......#
#.......#
#.......# #
#.......# ##
#.......#########.
#@................
#.......#########.
#.......# ##
##..#..### #
#......#####
#.###...(..## #.#
##.###..## #.# #.#
##..### ##.# #.#
##...#


There were no monsters in sight!

Vanquished Creatures
  2 gnolls (D:1)
  A dart slug (D:1)
  5 bats (D:1)
  6 endoplasms (D:1)
  A goblin (D:1)
  2 hobgoblins (D:1)
  2 ball pythons (D:1)
  4 frilled lizards (D:1)
  4 rats (D:1)
27 creatures vanquished.

Notes
Turn   | Place    | Note
-------+----------+-------------------------------------------
     0 | D:1      | Psyclone the Deep Elf Conjurer began the quest for the Orb.
     0 | D:1      | Reached XP level 1. HP: 10/10 MP: 6/6
   321 | D:1      | Reached XP level 2. HP: 15/15 MP: 5/8
   370 | D:1      | Reached skill level 5 in Conjurations
   556 | D:1      | Reached XP level 3. HP: 19/19 MP: 6/10
   633 | D:1      | Found Nunoz's Jewellery Boutique.
   931 | D:1      | Quit the game

Illustrated notes

Levels and vault maps discovered:
D:1:      minmay_arrival_stone_box, layout_rooms, serial_shops, shop

Skill      XL: |  1  2 |
---------------+-------+-----
Conjurations   | 5 |  5.4
Dodging        | |  2.4
Stealth        | |  2.4
Spellcasting   | |  3.9

Action                   || total
-------------------------++-------
 Cast: Magic Dart        ||    49
  Use: Scroll            ||     2
       Potion            ||     1
Dodge: Dodged            ||     1
